 Dungeon Crawl Stone Soup version 0.32-a0-928-g1cae6b7ea0 (webtiles) character file.

Game seed: 14543079770324066477

105 Autsider the Cudgeller (level 4, -1/33 HPs)
             Began as a Demonspawn Gladiator on Apr 12, 2024.
             Slain by a ball python (2 damage)
             ... on level 3 of the Dungeon.
             The game lasted 00:03:51 (1631 turns).

Autsider the Cudgeller (Demonspawn Gladiator)       Turns: 1631, Time: 00:03:51

Health: -1/33      AC:  5    Str: 15    XL:     4   Next: 54%
Magic:  4/4        EV:  1    Int: 10    God:
Gold:   91         SH:  0    Dex: 14    Spells: 3/3 levels left

rFire   . . .        g - +1 flail (heavy)
rCold   . . .        (no shield)
rNeg    . . .        b - +0 leather armour
rPois   .            (helmet restricted)
rElec   .            (no cloak)
rCorr   .            (no gloves)
SInv    .            (no boots)
Will    .....        (no amulet)
Stlth   +            (no ring)
HPRegen 0.25/turn    (no ring)
MPRegen 0.09/turn

%: no passive effects
@: on fire, glowing, constricted
A: horns 1, icy blue scales 1
a: no special abilities


You were on level 3 of the Dungeon.
You visited 1 branch of the dungeon, and saw 3 of its levels.

You collected 91 gold pieces.

Inventory:

Hand Weapons
 a - a +0 flail
 g - a +1 heavy flail (weapon)
Missiles
 d - 3 throwing nets (quivered)
 e - a javelin
Armour
 b - a +0 leather armour (worn)
 c - a +0 helmet
 r - a +0 plate armour
Jewellery
 s - a ring of wizardry
Talismans
 p - a beast talisman
Scrolls
 f - 5 scrolls of identify {unknown}
 h - a scroll of vulnerability {unknown}
 i - a scroll of immolation {unknown}
 k - 2 scrolls of teleportation {unknown}
 l - a scroll of amnesia {unknown}
 o - a scroll of fear {unknown}
 t - a scroll of poison {unknown}
Potions
 j - 3 potions of degeneration {unknown}
 m - a potion of berserk rage {unknown}
 n - 3 potions of heal wounds {unknown}
 q - a potion of resistance {unknown}
 u - a potion of magic {unknown}
 v - a potion of haste {unknown}


   Skills:
 - Level 2.0 Fighting
 - Level 3.0 Maces & Flails
 - Level 2.0 Throwing
 + Level 2.1 Armour
 - Level 3.0 Dodging
 + Level 2.4 Stealth


You had 3 spell levels left.
You didn't know any spells.
Your spell library was empty.

Dungeon Overview and Level Annotations

Branches:
Dungeon (3/15)

Altars:

Annotations:
D:2 1 runed translucent door, Crazy Yiuf


Innate Abilities, Weirdness & Mutations

You have a pair of small horns on your head.
You are partially covered in icy blue scales. (AC +2)


Message History

The bombardier beetle is heavily wounded.
The ball python misses you.
The bombardier beetle bites you but does no damage.
The bombardier beetle sprays incendiary fluid at you.
The burning spray hits you.
You are covered in liquid fire!
You shake off some of the fire as you move.
The liquid fire burns you!
You shake off the liquid fire.
The bombardier beetle barely misses you.
You hit the bombardier beetle.
Your headbutt misses the bombardier beetle.
The bombardier beetle is almost dead.
The ball python bites you but does no damage.
The ball python closely misses you. x2; The ball python grabs you.
The ball python constricts you.
The bombardier beetle sprays incendiary fluid at you.
The burning spray hits you.
You are covered in liquid fire!
The ball python bites you but does no damage.
The ball python constricts you.
You hit the bombardier beetle.
You kill the bombardier beetle!
The liquid fire burns you!
* * * LOW HITPOINT WARNING * * *
The ball python barely misses you. The ball python constricts you.
The ball python bites you.
* * * LOW HITPOINT WARNING * * *
The ball python constricts you.
Your Armour skill increases to level 2!
The ball python's grasp on you weakens, but your attempt to escape fails.
The liquid fire burns you!
* * * LOW HITPOINT WARNING * * *
The ball python bites you but does no damage.
The ball python constricts you.
The ball python's grasp on you weakens, but your attempt to escape fails.
The liquid fire burns you!
* * * LOW HITPOINT WARNING * * *
The ball python bites you.
You die...

##############
#............# ...
#......).....# ....
#............# #....
#............# #....
#............# #....
#...>...S....# #....
#......@.....# #....
#............# #....
#######.....## #....
#.......#### #....
#.####.....######...
#. #.............. #
######.#####...
#...# #...
.......##.###...


You could see a ball python.

Vanquished Creatures
  A bombardier beetle (D:3)
  2 adders (D:2)
  3 dart slugs
  3 orcs (D:3)
  5 bats
  2 endoplasms (D:1)
  A giant cockroach (D:2)
  5 goblins
  6 hobgoblins
  3 jackals (D:2)
  A kobold (D:1)
  2 quokkas
  3 ball pythons
  4 frilled lizards
  4 rats
45 creatures vanquished.

Notes
Turn   | Place    | Note
-------+----------+-------------------------------------------
     0 | D:1      | Autsider the Demonspawn Gladiator began the quest for the
                  | Orb.
     0 | D:1      | Reached XP level 1. HP: 16/16 MP: 1/1
   149 | D:1      | Gained mutation: You are partially covered in icy blue
                  | scales. (AC +2) [demonic ancestry]
   149 | D:1      | Reached XP level 2. HP: 22/22 MP: 2/2
   398 | D:1      | Reached skill level 1 in Stealth
   806 | D:2      | Reached XP level 3. HP: 27/27 MP: 3/3
   827 | D:2      | Reached skill level 1 in Armour
  1059 | D:2      | Found a runed translucent door.
  1060 | D:2      | Noticed Crazy Yiuf
  1541 | D:3      | Gained mutation: You have a pair of small horns on your
                  | head. [demonic ancestry]
  1541 | D:3      | Reached XP level 4. HP: 33/33 MP: 4/4
  1631 | D:3      | HP: 1/33 [burnt (5)]
  1631 | D:3      | Slain by a ball python

Illustrated notes

Levels and vault maps discovered:
D:1:      lemuel_arrival_tunnels, layout_basic
D:2:      layout_rooms, uniq_crazy_yiuf_cottage
D:3:      layout_basic, shapermc_ecumenical_altar_ellora, wad_orctagon

Skill      XL: |  1  2  3  4 |
---------------+-------------+-----
Throwing       | 2 |  2.0
Stealth        | 1 2 |  2.4
Maces & Flails | 3 |  3.0
Dodging        | 3 |  3.0
Armour         | 1 2 |  2.1
Fighting       | |  2.0

Action                     |  1- 3 |  4- 6 || total
---------------------------+-------+-------++-------
  Melee: Flail             |    88 |    11 ||    99
         Headbutt          |       |     1 ||     1
   Stab: Distracted        |     1 |       ||     1
         Sleeping          |     2 |       ||     2
 Armour: Leather armour    |    72 |    20 ||    92
  Dodge: Dodged            |   103 |    14 ||   117

Table legend: (Time is in decaauts)
 A = Elapsed time spent in this place.
 B = Non-inter-level travel time spent in this place.
 C = Inter-level travel time spent in this place.
 D = Time resting spent in this place.
 E = Time spent auto-exploring this place.
 F = Levels seen in this place.
 G = Mean time per level.
                   A        B        C        D        E       F      G
               +--------+--------+--------+--------+--------+-----+--------+
         Total |   1709 |   1601 |    108 |      0 |   1214 |   3 |  569.7 |
       Dungeon |   1709 |   1601 |    108 |      0 |   1214 |   3 |  569.7 |
               +--------+--------+--------+--------+--------+-----+--------+

Top non-repeatable levels by time:
     D:1: 833 daAuts
     D:2: 733 daAuts
     D:3: 142 daAuts
